 Dungeon Crawl Stone Soup version 0.24-a0-439-g6dd8730de2 (webtiles) character file.

Game seed: 6301499409231518689

564069 KristoblXynda the Impregnable (level 25, -5/209 HPs)
             Began as a Minotaur Gladiator on June 17, 2019.
             Was the Champion of the Shining One.
             Killed from afar by a starcursed mass (11 damage)
             ... with an accursed screaming
             ... on level 1 of the Abyss on June 18, 2019.
             The game lasted 03:34:02 (63478 turns).

KristoblXynda the Impregnable (Minotaur Gladiator) Turns: 63478, Time: 03:34:14

Health: -5/209     AC: 35    Str: 24    XL:     25   Next: 43%
Magic:  33/33      EV: 28    Int:  6    God:    the Shining One [******]
Gold:   3648       SH: 20    Dex: 25    Spells: 22/24 levels left

rFire    . . .     SeeInvis .   A - +6 scimitar (holy)
rCold    . . .     Gourm    .   Q - +2 shield {AC+3}
rNeg     + + +     Faith    .   Y - +8 plate armour of Pochieth {rF- Dex+10}
rPois    +         Spirit   .   (helmet unavailable)
rElec    +         Reflect  +   P - scarf {repulsion}
rCorr    .         Harm     .   T - +2 pair of gloves {Str+3}
MR       +....                  M - +1 pair of boots
Stlth    ..........             z - amulet of Temptation {Reflect rElec Dex+4 SH+3}
HPRegen  0.44/turn              F - ring "Lexydwon" {+Fly rElec rPois rF+ rN+}
MPRegen  0.23/turn              n - +4 ring of evasion

@: about to teleport, glowing, repel missiles
A: retaliatory headbutt, hooves 2, horns 3, molten scales 1, [blurry vision 2],
[clumsy 2], [deformed body], [deterioration 2], [dopey 2], frail 1, [screaming
2], electricity resistance, weak 1, [subdued magic 3]
}: 3/15 runes: barnacled, silver, gossamer
a: Divine Shield, Cleansing Flame, Summon Divine Warrior, Brand Weapon With Holy
Wrath, Renounce Religion, Evoke Flight


You were on level 1 of the Abyss.
You worshipped the Shining One.
The Shining One was exalted by your worship.
You were not hungry.

You visited 11 branches of the dungeon, and saw 52 of its levels.
You visited the Abyss 4 times.
You visited 1 bazaar.
You also visited: Ossuary.

You collected 7082 gold pieces.
You spent 3434 gold pieces at shops.

Inventory:

Hand Weapons
 c - a +2 eudemon blade of holy wrath
 A - a +6 scimitar of holy wrath (weapon)
 K - a +9 scimitar of freezing
Missiles
 d - 15 throwing nets
 q - 28 javelins (quivered)
 u - 26 silver javelins
Armour
 M - a +1 pair of boots (worn)
 P - a scarf of repulsion (worn)
 Q - a +2 shield of protection (worn)
 T - a +2 pair of gloves of strength (worn)
 V - a +2 hat of see invisible
 Y - the +8 plate armour of Pochieth (worn) {rF- Dex+10}
   (You found it on level 5 of the Vaults)

   It affects your dexterity (+10).
   It makes you vulnerable to fire.
Jewellery
 n - a +4 ring of evasion (right hand)
 z - the amulet of Temptation (around neck) {Reflect rElec Dex+4 SH+3}
   (You bought it in a shop on level 3 of the Vaults)

   [amulet of reflection]

   It shields you and reflects attacks.
   It affects your dexterity (+4).
   It insulates you from electricity.
   It affects your SH (+3).
 E - an uncursed ring of resist corrosion
 F - the ring "Lexydwon" (left hand) {+Fly rElec rPois rF+ rN+}
   (You bought it in a shop on level 3 of the Vaults)

   [ring of flight]

   It protects you from fire.
   It insulates you from electricity.
   It protects you from poison.
   It protects you from negative energy.
   It lets you fly.
Wands
 L - a wand of acid (11)
Scrolls
 i - 24 scrolls of remove curse
 l - 10 scrolls of fog
 r - 4 scrolls of magic mapping
 v - 6 scrolls of teleportation
 w - 6 scrolls of amnesia
 C - a scroll of enchant armour
 D - 7 scrolls of immolation
 I - 10 scrolls of identify
Potions
 b - 5 potions of heal wounds
 e - 2 potions of resistance
 g - 11 potions of mutation
 h - 5 potions of berserk rage
 j - 3 potions of cancellation
 k - 9 potions of might
 m - 7 potions of haste
 o - a potion of agility
 t - 2 potions of lignification
 x - 13 potions of curing
 G - 9 potions of ambrosia
 J - 12 potions of brilliance
 O - 2 potions of magic
 S - 2 potions of flight
Miscellaneous
 a - 4 boxes of beasts
 p - a lightning rod (4/4)
 B - a lamp of fire
 H - a phial of floods
 N - a fan of gales
 W - a phantom mirror
Comestibles
 f - 26 rations


   Skills:
 + Level 20.6 Fighting
 + Level 21.7 Long Blades
 + Level 14.3 Throwing
 + Level 23.3 Armour
 - Level 20.1 Dodging
 - Level 15.1 Shields
 - Level 4.3 Charms
 - Level 15.0 Invocations
 - Level 10.1 Evocations


You had 22 spell levels left.
You knew the following spells:

 Your Spells              Type           Power        Failure   Level  Hunger
a - Song of Slaying       Chrm           #.......     36%         2    ###....

Your spell library contained the following spells:

 Spells                   Type           Power        Failure   Level  Hunger
 Infusion                 Chrm           #...         24%         1    ##.....
 Shroud of Golubria       Chrm/Tloc      #.....       69%         2    ###....
 Animate Skeleton         Necr           N/A          85%         1    ##.....
 Apportation              Tloc           #.....       85%         1    ##.....
 Beastly Appendage        Tmut           #.....       85%         1    ##.....
 Confusing Touch          Hex            #.....       85%         1    ##.....
 Corona                   Hex            #......      85%         1    ##.....
 Flame Tongue             Conj/Fire      #....        85%         1    ##.....
 Magic Dart               Conj           #...         85%         1    ##.....
 Pain                     Necr           #...         85%         1    ##.....
 Summon Butterflies       Summ           #.......     85%         1    ##.....
 Summon Small Mammal      Summ           #...         85%         1    ##.....
 Regeneration             Chrm/Necr      #.........   90%         3    ####...
 Spectral Weapon          Hex/Chrm       #.......     90%         3    ####...
 Blink                    Tloc           N/A          94%         2    ###....
 Call Imp                 Summ           #.......     94%         2    ###....
 Corpse Rot               Necr           N/A          94%         2    ###....
 Ensorcelled Hibernation  Hex/Ice        #.....       94%         2    ###....
 Poisonous Vapours        Pois/Air       #.....       94%         2    ###....
 Searing Ray              Conj           #.....       94%         2    ###....
 Slow                     Hex            #.......     94%         2    ###....
 Sticks to Snakes         Tmut           #.......     94%         2    ###....
 Throw Flame              Conj/Fire      #.....       94%         2    ###....
 Call Canine Familiar     Summ           #.......     99%         3    ####...
 Confuse                  Hex            #.......     99%         3    ####...
 Conjure Flame            Conj/Fire      #.......     99%         3    ####...
 Dazzling Spray           Conj/Hex       #.....       99%         3    ####...
 Gell's Gravitas          Tloc           #.........   99%         3    ####...
 Ignite Poison            Fire/Tmut/Pois #.......     99%         3    ####...
 Inner Flame              Hex/Fire       #.......     99%         3    ####...
 Lesser Beckoning         Tloc           #.........   99%         3    ####...
 Mephitic Cloud           Conj/Pois/Air  #.......     99%         3    ####...
 Portal Projectile        Hex/Tloc       #.....       99%         3    ####...
 Spider Form              Tmut/Pois      #.........   99%         3    ####...
 Stone Arrow              Conj/Erth      #.....       99%         3    ####...
 Summon Guardian Golem    Hex/Summ       #.......     99%         3    ####...
 Teleport Other           Tloc           #.......     99%         3    ####...
 Tukima's Dance           Hex            #.......     99%         3    ####...
 Vampiric Draining        Necr           #.........   99%         3    ####...
 Animate Dead             Necr           N/A          100%        4    #####..
 Cause Fear               Hex            #.........   100%        4    #####..
 Force Lance              Conj/Tloc      #.......     100%        4    #####..
 Fulminant Prism          Conj/Hex       #.........   100%        4    #####..
 Ice Form                 Ice/Tmut       #.......     100%        4    #####..
 Iskenderun's Mystic Bla  Conj           #.......     100%        4    #####..
 Leda's Liquefaction      Hex/Erth       #.........   100%        4    #####..
 Passage of Golubria      Tloc           N/A          100%        4    #####..
 Petrify                  Tmut/Erth      #.......     100%        4    #####..
 Sticky Flame             Conj/Fire      #.......     100%        4    #####..
 Summon Ice Beast         Ice/Summ       #.......     100%        4    #####..
 Summon Lightning Spire   Summ/Air       #.......     100%        4    #####..
 Alistair's Intoxication  Tmut/Pois      #.......     100%        5    ######.
 Blade Hands              Tmut           #.........   100%        5    ######.
 Borgnjor's Vile Clutch   Necr/Erth      #.........   100%        5    ######.
 Fireball                 Conj/Fire      #.........   100%        5    ######.
 Metabolic Englaciation   Hex/Ice        #.........   100%        5    ######.
 Silence                  Hex/Air        #.........   100%        5    ######.
 Summon Forest            Summ/Tloc      #.........   100%        5    ######.
 Summon Mana Viper        Hex/Summ       #.......     100%        5    ######.
 Yara's Violent Unravell  Hex/Tmut       #.........   100%        5    ######.
 Bolt of Cold             Conj/Ice       #.........   100%        6    #######
 Bolt of Fire             Conj/Fire      #.........   100%        6    #######
 Darkness                 Hex            #.........   100%        6    #######
 Deflect Missiles         Chrm/Air       #.........   100%        6    #######
 Dispersal                Tloc           #.........   100%        6    #######
 Freezing Cloud           Conj/Ice/Air   #.........   100%        6    #######
 Hydra Form               Tmut           #.........   100%        6    #######
 Invisibility             Hex            #.......     100%        6    #######
 Shadow Creatures         Summ           N/A          100%        6    #######
 Ring of Flames           Chrm/Fire      #.........   100%        7    #######
 Summon Hydra             Summ           #.........   100%        7    #######
 Controlled Blink         Tloc           N/A          100%        8    #######
 Discord                  Hex            #.........   100%        8    #######
 Disjunction              Tloc           #.........   100%        8    #######
 Ignition                 Fire           #.........   100%        8    #######


Dungeon Overview and Level Annotations

Branches:
Dungeon (15/15)            Temple (1/1) D:5            Lair (6/6) D:10
 Shoals (4/4) Lair:2       Spider (4/4) Lair:2        Slime (5/5) Lair:6
    Orc (2/2) D:12            Elf (3/3) Orc:2        Vaults (5/5) D:14
  Crypt (3/3) Vaults:3       Tomb (0/3) Crypt:3      Depths (4/5) D:15

Altars:
Ashenzari
Cheibriados
Dithmenos
Elyvilon
Fedhas
Gozag
Hepliaklqana
Kikubaaqudgha
Makhleb
Nemelex Xobeh
Okawaru
Qazlal
Ru
Sif Muna
Trog
Uskayaw
Vehumet
Wu Jian
Xom
Yredelemnul
Zin
The Shining One
Jiyva

Shops:
D:5 *   Orc:2 *%%*!   Elf:1 ?   Elf:3 [:   Shoals:3 **   Vaults:1 *
Vaults:3 =   Vaults:5 (

Portals:
Hell: Depths:1 Depths:2 Depths:3 Depths:4
Abyss: Depths:4
Pandemonium: Depths:3
Ziggurat: Depths:1

Annotations:
D:15 exclusions: Roxanne and oklob plant, Roxanne
Lair:1 3 runed translucent doors, exclusion: 2 oklob plants, hitsuchi's ghost, journeyman OpEE
Slime:5 Royal Jelly
Depths:3 Aizul
Depths:4 2 transporters, conein's ghost, veteran TeCj


Innate Abilities, Weirdness & Mutations

You reflexively headbutt those who attack you in melee.
You have a pair of large horns on your head.
You have hoof-like feet.
You are partially covered in molten scales. (AC +2)
You are frail. (-10% HP)
You are resistant to electric shocks. (rElec)
You are weak. (Str -2)
[Scrolls take you longer to read.]
[You are very clumsy. (Dex -4)]
[Armour fits poorly on your strangely shaped body.]
[Your body often deteriorates upon taking damage.]
[You are very dopey. (Int -4)]
[You sometimes yell uncontrollably at your foes.]
[Your spells are much easier to cast, but much less powerful.]


Message History

A tentacle flies out from the starspawn's body!
The green very ugly thing claws you but does no damage.
You block the reaper's attack.
The wretched star pulses with an eldritch light!
Your body twists and deforms.
The white very ugly thing bites you!
* * * LOW HITPOINT WARNING * * *
The white very ugly thing freezes you!!
* * * LOW HITPOINT WARNING * * *
You hear a grinding noise.
As you read the scroll of teleportation, it crumbles to dust.
You feel strangely unstable.
You feel the power of the Abyss delaying your translocation!
You feel much better.
You block the green very ugly thing's attack.
You block the tentacled starspawn's attack.
The tentacled starspawn engulfs you!
* * * LOW HITPOINT WARNING * * *
A chorus of shrieks assaults your mind.
You die...

........# .. ..##
# .....# .......
##$#..J# ..#=..
#..$...# ...##
#......###...####
#.....wJ*.2......
##....*X##2R...
........AXXu..#
##.. ....#u@#
##.###.#X.wX# #.
...X.#### #...2.
..... .##.## #.#
..


You could see 4 starcursed masses, a daeva, 2 very ugly things, a cacodemon, 2
tentacled starspawn, a lorocyproca (invisible), a reaper, a wretched star, a
rakshasa, a slime creature and 2 starspawn tentacles.

Vanquished Creatures
  Mennas (Depths:2)
  A greater mummy (Depths:2)
  Frederick (Crypt:2)
  Xtahua (Crypt:3)
  A golden dragon (Depths:4)
  Nikola (Spider:2)
  3 bone dragons
  Jory (Crypt:3)
  A profane servitor (Crypt:3)
  A tentacled monstrosity (Depths:4)
  8 liches
  A Hell Sentinel (Abyss:1)
  Asterion (Depths:2)
  6 titans
  4 acid blobs
  A quicksilver dragon (Vaults:5)
  A deep elf master archer (Elf:3)
  A sphinx (Vaults:3)
  4 ancient champions
  16 tentacled starspawn
  5 azure jellies
  2 storm dragons (Depths:4)
  4 tengu reavers (Vaults:5)
  14 frost giants
  4 revenants
  2 deep elf sorcerers (Elf:3)
  5 fire giants
  A ghost moth (Spider:1)
  6 vault wardens
  A caustic shrike zombie (Depths:3)
  2 iron dragons (Depths:4)
  3 balrugs
  A juggernaut zombie (Depths:2)
  7 ghouls
  An angel (Abyss:5)
  3 curse skulls (Crypt:1)
  20 very ugly things
  2 spriggan defenders
  A war gargoyle (Vaults:5)
  7 ironheart preservers
  9 stone giants
  12 vampire knights
  2 lorocyprocas
  A deep elf annihilator (Elf:3)
  2 spark wasps
  3 eidola (Crypt:2)
  A green death (Abyss:2)
  A merfolk javelineer (Shoals:4)
  5 deep elf death magi
  Snorg (D:12)
  10 ettins
  6 merfolk impalers
  3 death oozes
  Josephine (D:13)
  A blizzard demon (Abyss:1)
  24 jiangshi
  3 fire dragons
  A quicksilver dragon zombie (Depths:2)
  5 yaktaur captains
  10 great orbs of eyes
  6 hydras
  27 vault guards
  A hell beast (Depths:3)
  4 rakshasas
  Harold (D:10)
  A catoblepas (Lair:4)
  2 ice dragons
  A merfolk aquamancer (Shoals:2)
  4 spriggan air magi
  5 centaur warriors
  Erica (D:11)
  13 ogre magi
  A tengu warrior (D:14)
  47 two-headed ogres
  8 death knights
  3 deep troll shamans
  2 deep troll earth magi
  3 vampire magi
  4 spriggan berserkers
  4 hell hogs
  12 dancing weapons
  20 thrashing horrors
  14 wretched stars
  4 sun demons
  4 deep elf knights
  6 shadow wraiths
  A salamander mystic (Depths:2)
  4 spatial maelstroms
  33 skeletal warriors
  7 hell knights
  2 sixfirhies (Abyss:3)
  A storm dragon skeleton (Crypt:2)
  An unseen horror (shapeshifter) (Depths:2)
  4 golden dragon zombies
  2 quicksilver dragon simulacra
  A torturous demonspawn (Depths:3)
  3 sea snakes
  4 unseen horrors
  A glowing orange brain (shapeshifter) (Vaults:1)
  A kraken simulacrum (Shoals:4)
  A glowing orange brain (Vaults:2)
  11 deep trolls
  5 deep elf archers
  Pikel (D:8)
  4 flayed ghosts
  4 wizards
  9 ironbrand convokers
  A tengu zombie (Depths:3)
  3 sphinx zombies
  40 ugly things
  A harpy (shapeshifter) (Vaults:5)
  13 necromancers
  13 harpies
  4 orc knights
  An oklob plant (D:10)
  13 phantasmal warriors
  An orc sorcerer (Orc:1)
  6 orb spiders
  32 deep elf magi
  4 frost giant zombies
  3 stone giant zombies
  2 fauns
  A fire giant zombie (Depths:2)
  5 shining eyes
  4 cyclopes
  A moth of wrath (shapeshifter) (Depths:3)
  3 water nymphs
  17 wolf spiders
  2 manticores (Shoals:1)
  34 large abominations
  A moth of wrath (Spider:1)
  6 worldbinders
  A black mamba (shapeshifter) (D:15)
  2 merfolk sirens
  9 vault sentinels
  4 salamanders (Depths:2)
  2 black mambas
  A stone giant skeleton (Vaults:4)
  A guardian serpent (shapeshifter) (Abyss:3)
  An eye of devastation (Slime:2)
  2 rust devils
  14 elephants
  An orange demon (Abyss:2)
  11 smoke demons
  A storm dragon simulacrum (Crypt:3)
  A gargoyle (D:14)
  7 spiny frogs
  A yaktaur zombie (Vaults:2)
  3 rime drakes
  A green draconian zombie (Crypt:1)
  A kobold demonologist (D:14)
  17 yaktaurs
  A yaktaur (shapeshifter) (Vaults:3)
  7 demonic crawlers
  An efreet (Abyss:5)
  11 freezing wraiths
  A catoblepas skeleton (Crypt:2)
  An ice devil (Depths:3)
  A red devil (Depths:2)
  A queen ant zombie (Crypt:2)
  3 guardian mummies (Depths:2)
  8 merfolk
  A troll (shapeshifter) (D:14)
  5 hellwings
  10 jumping spiders
  A meliai (shapeshifter) (Depths:1)
  A spectral moth of wrath (Spider:4)
  8 ancient zymes
  A death yak skeleton (Crypt:2)
  A shadow dragon simulacrum (Abyss:2)
  A wind drake (Shoals:1)
  A polar bear (Lair:5)
  6 hornets
  5 trolls
  5 blink frogs (Lair:6)
  4 tyrant leeches (Abyss:2)
  A bog body (Crypt:2)
  6 dream sheep
  A hydra skeleton (Crypt:1)
  36 raiju
  53 slime creatures
  2 ettin zombies
  4 spriggan zombies
  3 snapping turtles
  10 hippogriffs
  2 fire giant simulacra (Crypt:1)
  4 frost giant simulacra
  An ettin skeleton (Crypt:1)
  2 tarantellas (shapeshifter)
  4 vampires
  32 redbacks
  An elf simulacrum (Depths:3)
  5 spriggans
  49 flying skulls
  A satyr skeleton (Crypt:2)
  6 water elementals
  8 tarantellas
  5 ynoxinuls
  2 fire bats (Abyss:3)
  3 wyverns
  A hog (shapeshifter) (Elf:2)
  A black mamba skeleton (Abyss:3)
  5 shadows
  29 yaks
  3 basilisks
  25 wraiths
  3 fire elementals
  A steam dragon (shapeshifter) (Depths:1)
  23 small abominations
  12 golden eyes
  4 chaos spawn
  9 neqoxecs
  2 steam dragons (Lair:6)
  8 vampire mosquitoes
  20 spatial vortices
  A gelid demonspawn zombie (Crypt:1)
  2 harpy simulacra
  An insubstantial wisp (Abyss:1)
  4 wargs
  2 acid dragons (Vaults:2)
  A hydra simulacrum (Abyss:3)
  An acid dragon (shapeshifter) (Vaults:2)
  A water nymph skeleton (Crypt:1)
  15 water moccasins
  4 porcupines
  A floating eye (shapeshifter) (Depths:1)
  A deep troll skeleton (Vaults:1)
  A jumping spider simulacrum (Spider:4)
  A floating eye (Depths:2)
  20 orc warriors
  2 slaves (D:8)
  5 sky beasts
  5 ice beasts
  An elf zombie (Vaults:2)
  23 starcursed masses
  A fire dragon simulacrum (Crypt:1)
  8 necrophages
  A black bear (D:6)
  A snapping turtle zombie (Crypt:2)
  2 swamp drakes (Lair:6)
  2 eyes of draining
  A manticore zombie (Crypt:2)
  A spriggan simulacrum (Depths:3)
  36 ogres
  18 boggarts
  2 wolves (Lair:2)
  6 crocodiles
  2 elephant skeletons (Lair:3)
  19 centaurs
  An orc skeleton (Vaults:1)
  6 big kobolds
  A rime drake skeleton (Lair:3)
  13 bullfrogs
  5 earth elementals
  A bullfrog (shapeshifter) (Vaults:2)
  An octopode zombie (Crypt:1)
  A glowing shapeshifter simulacrum (Vaults:2)
  2 yaktaur skeletons
  A cyclops zombie (Orc:2)
  2 human skeletons
  A wyvern skeleton (D:15)
  A hippogriff skeleton (Lair:6)
  12 scorpions
  10 killer bees
  A troll zombie (Crypt:1)
  10 wights
  A howler monkey (shapeshifter) (Depths:1)
  5 electric eels
  2 howler monkeys
  14 crimson imps
  5 centaur zombies
  7 hounds
  4 quasits
  A bullfrog zombie (D:13)
  3 human zombies
  7 jellies
  A wolf skeleton (Crypt:2)
  4 centaur skeletons
  A gnoll shaman (D:7)
  13 orc priests
  22 orc wizards
  A bullfrog skeleton (D:8)
  Jessica (D:3)
  2 iguanas
  7 worker ants
  2 big kobold zombies (Ossuary)
  An ogre skeleton (Crypt:1)
  4 hound skeletons
  11 mummies
  2 worker ant zombies
  A howler monkey zombie (D:5)
  16 adders
  15 gnolls
  7 scorpion zombies (Ossuary)
  4 shadow imps
  5 white imps
  7 ufetubi
  An adder skeleton (D:8)
  An adder zombie (D:8)
  An iguana skeleton (Crypt:2)
  3 worms (D:2)
  4 dart slugs
  7 leopard geckos
  59 orcs
  2 bat zombies (D:1)
  6 giant cockroaches
  11 goblins
  10 hobgoblins
  9 jackals
  6 quokkas
  2 ball pythons
  A ball python zombie (Crypt:2)
  12 bats
  6 frilled lizards
  A goblin zombie (Ossuary)
  2 hobgoblin zombies (Ossuary)
  A jackal zombie (D:5)
  26 kobolds
  5 kobold zombies
  A leopard gecko skeleton (D:9)
  5 orc zombies
  6 rats
  A river rat skeleton (Crypt:2)
  4 plants
  13 starspawn tentacles
  2 tentacles
1954 creatures vanquished.

Vanquished Creatures (collateral kills)
  Bai Suzhen (Spider:3)
  A golden dragon (Vaults:5)
  the Enchantress (Depths:1)
  Arachne (Spider:2)
  The ghost of Xeplikar the Eclecticist, an adept GnWn of Cheibriados (Vaults:4)
  A tentacled monstrosity (Vaults:5)
  2 deep elf blademasters
  2 titans (Vaults:5)
  3 sphinxes (Vaults:5)
  Polyphemus (Shoals:4)
  A kraken (Shoals:2)
  3 shadow dragons (Vaults:5)
  A storm dragon (Vaults:5)
  5 tengu reavers
  2 azure jellies (Slime:5)
  The ghost of Pulopuxyer the Severer, an adept GrFi of Okawaru (Spider:4)
  An iron dragon (Vaults:5)
  2 fire giants (Vaults:5)
  10 vault wardens
  Louise (Shoals:3)
  2 frost giants
  2 emperor scorpions
  5 ghost moths
  5 deep elf sorcerers (Elf:3)
  13 ironheart preservers
  8 stone giants
  3 deep elf elementalists (Elf:3)
  2 war gargoyles (Vaults:5)
  6 entropy weavers
  A spriggan defender (Depths:1)
  5 very ugly things
  A vampire knight (Spider:4)
  6 deep elf demonologists
  4 deep elf annihilators (Elf:3)
  A dire elephant (D:14)
  9 deep elf death magi
  3 spark wasps
  2 ettins
  A death ooze (Slime:5)
  2 merfolk javelineers (Shoals:4)
  7 merfolk impalers
  3 deep elf high priests
  8 yaktaur captains
  3 ice dragons
  2 fire dragons
  2 rakshasas
  6 vault guards
  A hydra (D:12)
  2 spriggan air magi (Depths:1)
  A catoblepas (Shoals:4)
  An alligator snapping turtle (Shoals:4)
  24 two-headed ogres
  A centaur warrior (D:14)
  13 dancing weapons
  3 merfolk aquamancers
  2 deep troll shamans
  7 ogre magi
  A death knight (Vaults:1)
  A satyr (Shoals:4)
  A merfolk avatar (Shoals:4)
  A deep troll earth mage (Depths:1)
  2 death yaks (Shoals:4)
  2 tengu warriors (Depths:1)
  Urug (D:12)
  6 deep elf knights
  A small abomination (Elf:3)
  A skeletal warrior (Orc:2)
  A shadow wraith (Vaults:3)
  5 sea snakes
  2 sea snakes (shapeshifter) (Vaults:1)
  A wizard (Vaults:1)
  10 deep trolls
  2 unseen horrors (shapeshifter)
  A tengu zombie (Vaults:4)
  A swamp dragon (Lair:6)
  A harpy (shapeshifter) (Vaults:3)
  6 harpies
  6 deep elf archers
  21 wolf spiders
  7 orb spiders
  12 ironbrand convokers
  A necromancer (Vaults:4)
  7 orc knights
  An oklob plant (D:15)
  33 ugly things
  3 phantasmal warriors (Vaults:5)
  4 cyclopes
  33 deep elf magi
  2 moths of wrath (Spider:1)
  A stone giant zombie (Vaults:1)
  10 manticores
  A frost giant skeleton (Vaults:4)
  13 fauns
  A worldbinder (Abyss:2)
  3 merfolk sirens
  2 elephants (Lair:3)
  2 water nymphs
  A black mamba (Lair:5)
  A fire giant skeleton (Depths:1)
  8 vault sentinels
  A spiny frog (Lair:4)
  A smoke demon (Spider:2)
  3 demonic crawlers
  5 freezing wraiths
  A komodo dragon (Lair:4)
  27 yaktaurs
  A tengu conjurer (Depths:1)
  2 human skeletons (Vaults:4)
  A yaktaur skeleton (Vaults:4)
  A red devil (Spider:2)
  A spectral moth of wrath (Spider:4)
  2 wolf spider simulacra (Spider:4)
  4 trolls
  19 jumping spiders
  3 meliai (D:12)
  A meliai (shapeshifter) (Vaults:4)
  21 merfolk
  2 wind drakes
  3 blink frogs (Lair:6)
  5 hornets
  A stone giant simulacrum (Vaults:1)
  A dream sheep (shapeshifter) (Vaults:3)
  14 slime creatures
  9 snapping turtles
  A spriggan skeleton (Depths:1)
  9 dream sheep
  A jumping spider zombie (Spider:4)
  3 hippogriffs
  A flying skull (D:11)
  17 water elementals
  43 redbacks
  29 tarantellas
  A yak (D:11)
  2 spriggans (Depths:1)
  A redback simulacrum (Spider:4)
  A steam dragon (Lair:6)
  3 basilisks
  2 wargs
  A warg (shapeshifter) (Vaults:5)
  A naga (shapeshifter) (Vaults:5)
  5 water moccasins
  A moth of wrath simulacrum (Spider:4)
  A tarantella simulacrum (Spider:4)
  A jumping spider simulacrum (Spider:4)
  A swamp drake (Lair:6)
  2 ice beasts
  4 orc warriors
  A phantom (D:10)
  An eye of draining (shapeshifter) (Vaults:2)
  4 boggarts
  19 ogres
  4 centaurs
  3 wolves (Lair:2)
  2 crocodiles (Lair:6)
  2 bullfrogs
  An earth elemental (Elf:1)
  A wyvern skeleton (D:12)
  A hornet simulacrum (Spider:4)
  A killer bee (D:10)
  2 human simulacra
  2 electric eels
  2 crimson imps (D:11)
  A hound (Lair:2)
  6 orc wizards
  3 orc priests
  An iguana (Lair:6)
  2 adders
  A leopard gecko (D:11)
  13 orcs
  2 kobolds (D:12)
  3 crawling corpses
  20 fungi
  26 plants
  2 tentacles (Shoals:2)
814 creatures vanquished.

Vanquished Creatures (others)
  3 bone dragons
  2 profane servitors
  A fire giant (Vaults:5)
  4 ghouls
  A very ugly thing (Vaults:1)
  3 vampire knights
  A quicksilver dragon zombie (Vaults:5)
  An ogre mage (Depths:1)
  A centaur warrior (Vaults:1)
  A titan zombie (Vaults:5)
  A skeletal warrior (Spider:4)
  A very ugly thing zombie (Vaults:5)
  A spark wasp zombie (Spider:4)
  An entropy weaver zombie (Spider:4)
  6 flayed ghosts
  6 phantasmal warriors
  A deep elf archer (Elf:3)
  An orc knight (Vaults:1)
  4 wolf spider zombies
  2 deep elf magi (Elf:1)
  An iron dragon zombie (Vaults:5)
  A salamander (Depths:2)
  A sphinx zombie (Vaults:5)
  2 fauns
  A stone giant zombie (Vaults:5)
  A cyclops (Vaults:1)
  A catoblepas zombie (Shoals:4)
  A death yak zombie (Shoals:4)
  8 redback zombies
  A sea snake zombie (Shoals:4)
  5 yaktaurs
  2 human skeletons (Vaults:1)
  An ancient zyme (Abyss:3)
  A hydra zombie (D:15)
  7 harpy zombies
  5 tarantella zombies
  An ettin zombie (Vaults:5)
  2 harpy skeletons (Shoals:2)
  3 jumping spider zombies
  6 ugly thing zombies
  An ice dragon zombie (Vaults:1)
  17 flying skulls
  A wraith (Vaults:4)
  5 vampires
  A ynoxinul (Abyss:5)
  A water elemental (Depths:1)
  A wind drake zombie (Shoals:4)
  A fire bat (Abyss:3)
  3 deep troll zombies
  A small abomination (Abyss:3)
  2 tengu zombies
  A water nymph zombie (Shoals:2)
  A large abomination (Abyss:3)
  An ogre skeleton (Vaults:2)
  5 two-headed ogre zombies
  A deep troll skeleton (Depths:1)
  A hornet zombie (Vaults:1)
  An ogre (Depths:3)
  A blink frog zombie (Lair:6)
  A merfolk zombie (Shoals:4)
  8 elf zombies
  4 vampire mosquito zombies (D:14)
  2 centaurs
  11 human zombies
  6 yaktaur zombies
  A hippogriff zombie (Lair:6)
  A cyclops zombie (Vaults:1)
  A water moccasin zombie (Lair:6)
  2 scorpions (Ossuary)
  2 warg zombies
  A spriggan zombie (Depths:1)
  3 yak zombies (D:13)
  A troll zombie (D:12)
  A raiju skeleton (Abyss:2)
  2 spriggan skeletons (Depths:1)
  A quasit (Abyss:3)
  3 centaur zombies (D:14)
  A porcupine zombie (Lair:4)
  A necrophage skeleton (D:14)
  5 ogre zombies
  A crocodile skeleton (Lair:6)
  A mummy (D:9)
  An adder zombie (D:12)
  14 orc zombies
  A crawling corpse (Elf:1)
  7 fungi
  A lurking horror (Abyss:3)
  2 plants
  37 starspawn tentacles
  7 tentacles
269 creatures vanquished.

Grand Total: 3037 creatures vanquished

Notes
Turn   | Place    | Note
-------+----------+-------------------------------------------
     0 | D:1      | KristoblXynda the Minotaur Gladiator began the quest for
                  | the Orb.
     0 | D:1      | Reached XP level 1. HP: 18/18 MP: 0/0
   201 | D:1      | Reached XP level 2. HP: 8/25 MP: 1/1
   383 | D:1      | Reached skill level 1 in Armour
   554 | D:1      | Reached XP level 3. HP: 21/30 MP: 2/2
  1384 | D:2      | Found a burning altar of Makhleb.
  1648 | D:2      | Reached XP level 4. HP: 38/38 MP: 3/3
  1758 | D:2      | Reached skill level 2 in Armour
  1916 | D:2      | Reached skill level 5 in Long Blades
  2382 | D:3      | Reached XP level 5. HP: 19/45 MP: 4/4
  2604 | D:3      | Noticed Jessica
  2615 | D:3      | Killed Jessica
  3263 | D:4      | Reached XP level 6. HP: 52/52 MP: 5/5
  3284 | D:4      | Reached skill level 3 in Armour
  3693 | D:4      | Got a brightly glowing ring mail
  3704 | D:4      | Identified the +4 ring mail of the Blessed Realm {rF+
                  | Regen+ Int-2 Stlth+} (You found it on level 4 of the
                  | Dungeon)
  3821 | D:4      | Noticed a hippogriff
  3833 | D:4      | Killed a hippogriff
  3833 | D:4      | Reached XP level 7. HP: 34/60 MP: 6/6
  4009 | D:4      | Reached skill level 5 in Dodging
  4203 | D:5      | Entered Level 5 of the Dungeon
  4224 | D:5      | Reached skill level 4 in Armour
  4226 | D:5      | Reached skill level 5 in Fighting
  4234 | D:5      | Found a stormy altar of Qazlal.
  4239 | D:5      | Found a shattered altar of Ashenzari.
  4244 | D:5      | Found a hazy altar of Hepliaklqana.
  4303 | D:5      | Got a brightly glowing scale mail
  4328 | D:5      | Identified the +5 scale mail "Jufaz Ciale" {Regen+ Dex+4}
                  | (You found it on level 5 of the Dungeon)
  4363 | D:5      | Found a sand-covered staircase.
  4368 | Ossuary  | Entered an ossuary
  4680 | Ossuary  | Reached XP level 8. HP: 56/68 MP: 7/7
  4716 | Ossuary  | Reached skill level 5 in Armour
  5057 | D:5      | Found a staircase to the Ecumenical Temple.
  5065 | Temple   | Entered the Ecumenical Temple
  5135 | Temple   | Became a worshipper of Yredelemnul the Dark
  5296 | D:5      | Reached skill level 6 in Armour
  5306 | D:5      | Reached skill level 10 in Long Blades
  5306 | D:5      | Reached XP level 9. HP: 47/74 MP: 8/8
  5759 | D:5      | Found a hide-covered altar of Uskayaw.
  5875 | D:5      | Found Rydwal's Serpentskin Sales.
  5884 | D:5      | Reached skill level 7 in Armour
  5884 | D:5      | Reached skill level 1 in Invocations
  5918 | D:5      | Bought a +0 long sword of venom for 80 gold pieces
  6066 | D:6      | Reached * piety under Yredelemnul
  6719 | D:7      | Reached XP level 10. HP: 55/82 MP: 11/11
  6802 | D:7      | Reached skill level 8 in Armour
  6919 | D:7      | Reached ** piety under Yredelemnul
  7447 | D:8      | Reached skill level 1 in Shields
  7518 | D:8      | Noticed Pikel
  7542 | D:8      | Killed Pikel
  7918 | D:8      | Reached *** piety under Yredelemnul
  8129 | D:8      | Found an opulent altar of Gozag.
  8561 | D:9      | Noticed a red ugly thing
  8589 | D:9      | Killed a red ugly thing
  8589 | D:9      | Reached skill level 9 in Armour
  8861 | D:9      | Reached XP level 11. HP: 68/92 MP: 13/13
  8889 | D:9      | Reached skill level 5 in Invocations
  8983 | D:9      | Received a gift from Yredelemnul (a mummy)
  9165 | D:9      | Identified the Almanac of Orientation
  9207 | D:9      | Got a slimy lead ring
  9215 | D:9      | Identified the ring of Tihiofocvu {rPois rF+} (You found it
                  | on level 9 of the Dungeon)
  9506 | D:9      | Reached skill level 1 in Evocations
  9582 | D:10     | Entered Level 10 of the Dungeon
  9591 | D:10     | Reached **** piety under Yredelemnul
  9626 | D:10     | Noticed a two-headed ogre
  9632 | D:10     | Killed a two-headed ogre
  9636 | D:10     | Received a gift from Yredelemnul (5 flying skulls)
  9738 | D:10     | Noticed Harold
  9746 | D:10     | Killed Harold
  9928 | D:10     | Found a staircase to the Lair.
  9928 | D:10     | Noticed an oklob plant
  9935 | D:10     | Killed an oklob plant
  9935 | D:10     | Reached skill level 10 in Armour
 10549 | D:11     | Noticed a skeletal warrior
 10549 | D:11     | Noticed a skeletal warrior
 10549 | D:11     | Noticed a skeletal warrior
 10561 | D:11     | Killed a skeletal warrior
 10561 | D:11     | Killed a skeletal warrior
 10561 | D:11     | Reached skill level 10 in Dodging
 10577 | D:11     | Killed a skeletal warrior
 10865 | D:11     | Received a gift from Yredelemnul (5 flying skulls)
 11057 | D:11     | Reached XP level 12. HP: 95/103 MP: 14/14
 11366 | D:11     | Noticed a two-headed ogre
 11371 | D:11     | Killed a two-headed ogre
 11384 | D:11     | Noticed Erica
 11402 | D:11     | Killed Erica
 11435 | D:12     | Received a gift from Yredelemnul (4 flying skulls)
 11474 | D:12     | Found a staircase to the Orcish Mines.
 11509 | D:12     | Noticed a six-headed hydra
 11510 | D:12     | Noticed Urug
 11519 | D:12     | Killed a six-headed hydra
 11525 | D:12     | Killed Urug
 11525 | D:12     | Reached skill level 10 in Fighting
 11562 | D:12     | You fall into a shaft and drop 2 floors!
 11566 | D:14     | Noticed a centaur warrior
 11582 | D:14     | Reached skill level 11 in Armour
 11600 | D:14     | Killed a centaur warrior
 11606 | D:14     | Reached ***** piety under Yredelemnul
 11680 | D:14     | Identified a scroll of acquirement
 11701 | D:14     | Got a smoking chain mail
 11714 | D:14     | Identified the cursed +0 chain mail of Yseus Geckah {rN+
                  | Int+4} (You found it on level 14 of the Dungeon)
 11756 | D:14     | Noticed a tengu warrior
 11760 | D:14     | Noticed a two-headed ogre
 11760 | D:14     | Noticed a death knight
 11766 | D:14     | Killed a tengu warrior
 11767 | D:14     | Noticed an eight-headed hydra
 11890 | D:14     | Noticed a centaur warrior
 11899 | D:14     | Killed a centaur warrior
 11899 | D:14     | Reached skill level 5 in Evocations
 12022 | D:14     | Found a stormy altar of Qazlal.
 12108 | D:14     | Noticed a centaur warrior
 12119 | D:14     | Killed a centaur warrior
 12131 | D:14     | Noticed a yaktaur captain
 12145 | D:14     | Killed a yaktaur captain
 12145 | D:14     | Reached XP level 13. HP: 102/114 MP: 13/15
 12148 | D:14     | Found a gate to the Vaults.
 12302 | D:14     | Reached skill level 12 in Armour
 12359 | D:15     | Entered Level 15 of the Dungeon
 12431 | D:15     | Found a shadowy altar of Dithmenos.
 12477 | D:15     | Found a staircase to the Depths.
 12477 | D:15     | Noticed a dire elephant
 12525 | D:14     | Killed a dire elephant
 12747 | D:15     | Identified Roxanne's Guide on Changing
 12747 | D:15     | Noticed Roxanne
 12834 | D:15     | Found a deep blue altar of Sif Muna.
 12997 | D:15     | HP: 3/114 [acid (13)]
 13507 | D:13     | Reached skill level 5 in Throwing
 13916 | D:13     | Noticed Josephine
 13935 | D:13     | Killed Josephine
 14046 | D:12     | Noticed Snorg
 14056 | D:12     | Killed Snorg
 14531 | Lair:1   | Entered Level 1 of the Lair of Beasts
 14973 | Lair:1   | Found a runed translucent gate.
 14974 | Lair:1   | Found a runed translucent gate.
 14974 | Lair:1   | Found a runed translucent gate.
 15001 | Lair:1   | Noticed hitsuchi's ghost (journeyman OpEE)
 15559 | Lair:2   | Found a hole to the Spider Nest.
 15564 | Lair:2   | Received a gift from Yredelemnul (3 flying skulls)
 15576 | Lair:2   | Found a staircase to the Shoals.
 16369 | Lair:3   | You fall into a shaft and drop 1 floor!
 16590 | Lair:4   | Reached XP level 14. HP: 124/124 MP: 18/18
 17489 | Lair:5   | Received a gift from Yredelemnul (2 flying skulls)
 17872 | Lair:5   | Found the +4 skin of Zhor {Hibernate rC+++ SInv}
 18257 | Lair:6   | Entered Level 6 of the Lair of Beasts
 18591 | Lair:6   | Received a gift from Yredelemnul (a wraith)
 18664 | Lair:6   | Found a staircase to the Slime Pits.
 18665 | Lair:6   | Found a viscous altar of Jiyva.
 19267 | Lair:3   | Received a gift from Yredelemnul (a phantasmal warrior)
 19841 | Orc:1    | Entered Level 1 of the Orcish Mines
 20018 | Orc:2    | Entered Level 2 of the Orcish Mines
 20051 | Orc:2    | Received a gift from Yredelemnul (a skeletal warrior)
 20388 | Orc:2    | Reached ****** piety under Yredelemnul
 20388 | Orc:2    | Received a gift from Yredelemnul (a vampire)
 20468 | Orc:2    | Reached XP level 15. HP: 74/134 MP: 19/21
 20477 | Orc:2    | Received a gift from Yredelemnul (a flayed ghost)
 20478 | Orc:2    | Found Bivubroa's Food Shoppe.
 20478 | Orc:2    | Found Cexoseo's Distillery.
 20481 | Orc:2    | Found Ciumoek's Food Shop.
 20481 | Orc:2    | Found Meif's Assorted Antiques.
 20505 | Orc:2    | Bought an embroidered scarf for 184 gold pieces
 20572 | Orc:2    | Bought a potion of invisibility for 104 gold pieces
 20572 | Orc:2    | Bought a potion of might for 52 gold pieces
 20572 | Orc:2    | Bought a potion of heal wounds for 65 gold pieces
 20572 | Orc:2    | Bought a potion of curing for 39 gold pieces
 20649 | Orc:2    | Found Xiubafuff's Assorted Antiques.
 20657 | Orc:2    | Bought a pair of glowing gloves for 172 gold pieces
 20701 | Orc:2    | Found a staircase to the Elven Halls.
 21096 | Orc:2    | Bought a potion of heal wounds for 115 gold pieces
 21096 | Orc:2    | Bought a scroll of enchant weapon for 172 gold pieces
 21216 | Spider:1 | Entered Level 1 of the Spider Nest
 21279 | Spider:1 | Reached skill level 13 in Armour
 21291 | Spider:1 | Received a gift from Yredelemnul (a vampire)
 21456 | Spider:1 | Killed a ghost moth
 21571 | Spider:1 | Received a gift from Yredelemnul (a phantasmal warrior)
 21714 | Spider:1 | Reached skill level 10 in Invocations
 21888 | Spider:1 | Learned a level 2 spell: Song of Slaying
 21946 | Spider:2 | Noticed Nikola
 21946 | Spider:2 | Noticed Arachne
 22164 | Spider:2 | Killed Nikola
 22164 | Spider:2 | Reached skill level 1 in Charms
 22513 | Shoals:1 | Entered Level 1 of the Shoals
 22637 | Shoals:1 | Received a gift from Yredelemnul (a vampire)
 23116 | Shoals:2 | Reached skill level 14 in Armour
 23202 | Shoals:2 | Received a gift from Yredelemnul (a ghoul)
 23246 | Shoals:2 | Received a gift from Yredelemnul (a ghoul)
 23279 | Shoals:2 | Reached XP level 16. HP: 81/143 MP: 22/22
 23280 | Shoals:2 | Received a gift from Yredelemnul (a bone dragon)
 23390 | Shoals:2 | Reached skill level 15 in Dodging
 23715 | Shoals:2 | Noticed a kraken
 23727 | Shoals:2 | Killed a kraken
 23903 | Shoals:3 | Received a gift from Yredelemnul (a ghoul)
 24070 | Shoals:3 | Received a gift from Yredelemnul (a phantasmal warrior)
 24167 | Shoals:3 | Noticed Louise
 24173 | Shoals:3 | Killed Louise
 24287 | Shoals:3 | Received a gift from Yredelemnul (a ghoul)
 24287 | Shoals:3 | Found Pamuicke's Assorted Antiques.
 24313 | Shoals:3 | Bought a scroll of enchant armour for 217 gold pieces
 24313 | Shoals:3 | Bought a brightly glowing scale mail for 261 gold pieces
 24313 | Shoals:3 | Bought a scroll of identify for 58 gold pieces
 24313 | Shoals:3 | Identified the +3 scale mail "Reriant" {rPois rCorr Int-3}
                  | (You bought it in a shop on level 3 of the Shoals)
 24397 | Shoals:3 | Found Oqizu's Assorted Antiques.
 24405 | Shoals:3 | Bought a shiny shield for 247 gold pieces
 24591 | Shoals:4 | Entered Level 4 of the Shoals
 24591 | Shoals:4 | Noticed Polyphemus
 24598 | Shoals:4 | Killed Polyphemus
 24602 | Shoals:4 | Received a gift from Yredelemnul (a bone dragon)
 24614 | Shoals:4 | Reached skill level 5 in Shields
 24674 | Shoals:4 | Identified the +0 plate armour of Spite {Str+4}
 24680 | Shoals:4 | Received a gift from Yredelemnul (a bone dragon)
 24724 | Shoals:4 | Received a gift from Yredelemnul (a profane servitor)
 24930 | Shoals:4 | Got a barnacled rune of Zot
 25245 | Vaults:1 | Entered Level 1 of the Vaults
 25259 | Vaults:1 | Reached skill level 15 in Armour
 25513 | Vaults:1 | Paralysed by a wizard for 5 turns
 25774 | Vaults:1 | Reached XP level 17. HP: 150/150 MP: 23/23
 25804 | Vaults:1 | Received a gift from Yredelemnul (a flayed ghost)
 25822 | Vaults:1 | Reached skill level 10 in Evocations
 26040 | Vaults:1 | Received a gift from Yredelemnul (a vampire)
 26401 | Vaults:1 | Reached skill level 16 in Armour
 26402 | Vaults:1 | Received a gift from Yredelemnul (a skeletal warrior)
 26467 | Vaults:1 | Received a gift from Yredelemnul (a vampire knight)
 26557 | Vaults:1 | Found Itaethra's General Store.
 27155 | Vaults:2 | Received a gift from Yredelemnul (a phantasmal warrior)
 27227 | Vaults:2 | Reached skill level 10 in Shields
 27291 | Vaults:2 | Noticed a Brimstone Fiend
 27295 | Vaults:2 | Cast into level 2 of the Abyss (a deep elf demonologist)
 27474 | Abyss:3  | Noticed a bone dragon
 27514 | Abyss:3  | Killed a bone dragon
 27582 | Abyss:3  | Reached skill level 15 in Fighting
 27622 | Vaults:2 | Escaped the Abyss
 27880 | Vaults:2 | Reached XP level 18. HP: 159/163 MP: 24/24
 27880 | Vaults:2 | Received a gift from Yredelemnul (a vampire)
 27904 | Vaults:2 | Reached skill level 17 in Armour
 27909 | Vaults:2 | Received a gift from Yredelemnul (a profane servitor)
 28831 | Depths:1 | Entered Level 1 of the Depths
 28854 | D:15     | Received a gift from Yredelemnul (a flayed ghost)
 29294 | Depths:1 | Identified the +4 faerie dragon scales {*Drain rElec rCorr
                  | Str+4}
 29294 | Depths:1 | Noticed the Enchantress
 29319 | Depths:1 | Killed the Enchantress
 29413 | Depths:1 | Received a gift from Yredelemnul (a vampire knight)
 29431 | Depths:1 | Found a gateway to Hell.
 29534 | Depths:1 | Reached skill level 10 in Throwing
 29547 | Depths:1 | Received a gift from Yredelemnul (a vampire knight)
 29864 | Depths:1 | Found the +5 robe of Misfortune {*Contam Harm *Corrode
                  | *Drain *Slow EV+5}
 29881 | Depths:1 | Received a gift from Yredelemnul (a ghoul)
 30020 | Depths:1 | Found a gateway to a ziggurat.
 30472 | Spider:2 | Received a gift from Yredelemnul (a vampire knight)
 30482 | Spider:2 | Killed Arachne
 30754 | Spider:2 | Reached skill level 18 in Armour
 31097 | Spider:3 | Noticed Bai Suzhen
 31115 | Spider:3 | Killed Bai Suzhen
 31422 | Spider:4 | Entered Level 4 of the Spider Nest
 31513 | Spider:4 | Received a gift from Yredelemnul (a skeletal warrior)
 31825 | Spider:4 | Reached XP level 19. HP: 172/172 MP: 23/25
 31852 | Spider:4 | Received a gift from Yredelemnul (a vampire knight)
 32261 | Spider:4 | Got a gossamer rune of Zot
 32389 | Spider:4 | Found a runed translucent gate.
 32389 | Spider:4 | Found a runed translucent gate.
 32389 | Spider:4 | Found a runed translucent gate.
 32389 | Spider:4 | Noticed Pulopuxyer's ghost (adept GrFi)
 32430 | Spider:4 | Killed Pulopuxyer's ghost
 32432 | Spider:4 | Received a gift from Yredelemnul (a flayed ghost)
 32980 | Elf:1    | Entered Level 1 of the Elven Halls
 33441 | Elf:1    | Received a gift from Yredelemnul (a phantasmal warrior)
 33462 | Elf:1    | Found Faucuest's Magic Scroll Boutique.
 33472 | Elf:1    | Cast into level 2 of the Abyss (+3 trident of distortion)
 33983 | Abyss:2  | Received a gift from Yredelemnul (a skeletal warrior)
 33991 | Abyss:2  | Noticed a profane servitor
 34102 | Abyss:2  | Noticed a lich
 34321 | Abyss:2  | Paralysed by you for 5 turns
 34346 | Elf:1    | Escaped the Abyss
 34747 | Elf:1    | Received a gift from Yredelemnul (a skeletal warrior)
 34775 | Elf:1    | Bought a scroll of enchant armour for 127 gold pieces
 34775 | Elf:1    | Bought a scroll of enchant weapon for 127 gold pieces
 34881 | Elf:1    | Reached skill level 19 in Armour
 35203 | Elf:1    | Received a gift from Yredelemnul (a flayed ghost)
 35467 | Elf:1    | Noticed a Tzitzimitl
 35850 | Vaults:3 | Received a gift from Yredelemnul (a vampire knight)
 35932 | Vaults:3 | Received a gift from Yredelemnul (a flayed ghost)
 36079 | Vaults:3 | Received a gift from Yredelemnul (a skeletal warrior)
 36147 | Vaults:3 | Found Fiykh's Jewellery Emporium.
 36155 | Vaults:3 | Bought the amulet of Temptation {Reflect rElec Dex+4 SH+3}
                  | for 419 gold pieces
 36155 | Vaults:3 | Bought the ring "Lexydwon" {+Fly rElec rPois rF+ rN+} for
                  | 515 gold pieces
 36284 | Vaults:3 | Reached skill level 15 in Shields
 36538 | Vaults:3 | Received a gift from Yredelemnul (a ghoul)
 36706 | Vaults:3 | Found the +8 Wrath of Trog {antimagic, *Rage}
 36718 | Vaults:3 | Received a gift from Yredelemnul (a skeletal warrior)
 36906 | Vaults:3 | Found a staircase to the Crypt.
 36906 | Vaults:3 | Found an ancient bone altar of Kikubaaqudgha.
 36907 | Vaults:3 | Found a basalt altar of Yredelemnul.
 36957 | Vaults:3 | Reached skill level 15 in Long Blades
 36960 | Vaults:3 | Reached XP level 20. HP: 166/184 MP: 26/26
 36961 | Vaults:3 | Received a gift from Yredelemnul (a flayed ghost)
 37286 | Vaults:4 | Found a deep blue altar of Sif Muna.
 37311 | Vaults:4 | Found a flickering gateway to a bazaar.
 37324 | Bazaar   | Entered a bazaar
 37324 | Bazaar   | Found Pezug's Armour Emporium.
 37324 | Bazaar   | Found Zoitog's Book Shoppe.
 37324 | Bazaar   | Found Zeigh's Magic Scroll Emporium.
 37326 | Bazaar   | Found Jokodec's Weapon Shoppe.
 37328 | Bazaar   | Bought a +2 pair of gloves of strength for 258 gold pieces
 37328 | Bazaar   | Bought a +0 hat of see invisible for 132 gold pieces
 37372 | Bazaar   | Bought a scroll of enchant armour for 90 gold pieces
 37586 | Vaults:4 | Found a runed translucent door.
 37586 | Vaults:4 | Noticed Xeplikar's ghost (adept GnWn)
 37669 | Vaults:4 | Killed Xeplikar's ghost
 37680 | Vaults:4 | Got a scorched silver amulet
 37724 | Vaults:4 | Identified the amulet "Daukh" {+Rage rN+ Int+3 Dex+2} (You
                  | found it on level 4 of the Vaults)
 37914 | Vaults:4 | Received a gift from Yredelemnul (a skeletal warrior)
 38316 | Vaults:4 | Received a gift from Yredelemnul (a vampire knight)
 38717 | Vaults:5 | Entered Level 5 of the Vaults
 38731 | Vaults:5 | Received a gift from Yredelemnul (a ghoul)
 38769 | Vaults:5 | Got a silver rune of Zot
 38809 | Vaults:5 | Identified the +8 plate armour of Pochieth {rF- Dex+10}
                  | (You found it on level 5 of the Vaults)
 39490 | Vaults:5 | Noticed a golden dragon
 39500 | Vaults:5 | Killed a golden dragon
 39536 | Vaults:5 | Received a gift from Yredelemnul (a flayed ghost)
 39557 | Vaults:5 | Reached XP level 21. HP: 132/198 MP: 27/27
 39575 | Vaults:5 | Received a gift from Yredelemnul (a phantasmal warrior)
 39851 | Vaults:5 | Found Festirru's Antique Weapon Shoppe.
 39877 | Vaults:5 | Got a faintly glowing cloak
 39880 | Vaults:5 | Got a flickering golden ring
 39890 | Vaults:5 | Identified the +0 cloak of Fisym {+Blink +Fly MR- Slay+6}
                  | (You found it on level 5 of the Vaults)
 39892 | Vaults:5 | Identified the ring "Ysuhom" {Fire Dex+3} (You found it on
                  | level 5 of the Vaults)
 41153 | Elf:2    | Found a runed translucent gate.
 41153 | Elf:2    | Found a runed translucent gate.
 41156 | Elf:2    | Received a gift from Yredelemnul (a profane servitor)
 41157 | Elf:2    | Found a runed translucent gate.
 41570 | Elf:3    | Entered Level 3 of the Elven Halls
 41749 | Elf:3    | Found Douh's Armour Shop.
 41796 | Elf:3    | Received a gift from Yredelemnul (a profane servitor)
 42249 | Elf:3    | Found Zainifawk's Book Shoppe.
 42740 | Elf:3    | Identified the +8 shortbow "Xafocos" {venom, SInv}
 42746 | Elf:3    | Received a gift from Yredelemnul (a vampire)
 42964 | Elf:3    | Found the +7 sceptre of Torment {pain, torment}
 43148 | Elf:3    | Identified the Compendium of Dark Snow
 43654 | Temple   | Fell from the grace of Yredelemnul
 43654 | Temple   | Became a worshipper of the Shining One
 47407 | Depths:2 | Paralysed by a great orb of eyes for 3 turns
 47492 | Depths:2 | Reached * piety under the Shining One
 47991 | Depths:2 | You fall into a shaft and drop 2 floors!
 48039 | Depths:4 | Reached XP level 22. HP: 150/209 MP: 28/28
 48058 | Depths:4 | Reached ** piety under the Shining One
 48167 | Depths:3 | Noticed Aizul
 48173 | Depths:3 | Noticed Asterion
 48179 | Depths:3 | Noticed Mennas
 48684 | Depths:2 | Reached *** piety under the Shining One
 48795 | Depths:2 | Reached **** piety under the Shining One
 48996 | Depths:2 | Noticed a greater mummy
 49011 | Depths:2 | Killed a greater mummy
 49601 | Crypt:1  | Entered Level 1 of the Crypt
 49713 | Crypt:1  | Reached skill level 20 in Armour
 49798 | Crypt:1  | Reached ***** piety under the Shining One
 50850 | Crypt:1  | Reached ****** piety under the Shining One
 51985 | Crypt:2  | Found the +10 dark maul {crush}
 52210 | Crypt:2  | Paralysed by a vampire knight for 6 turns
 52385 | Crypt:2  | Noticed Frederick
 52398 | Crypt:2  | Killed Frederick
 52481 | Crypt:2  | Was forgiven by Yredelemnul
 52606 | Crypt:3  | Entered Level 3 of the Crypt
 52813 | Crypt:3  | Reached XP level 23. HP: 215/215 MP: 30/30
 52899 | Crypt:3  | Found a basalt altar of Yredelemnul.
 52899 | Crypt:3  | Noticed Xtahua
 53060 | Crypt:3  | Reached skill level 21 in Armour
 53060 | Crypt:3  | Paralysed by Xtahua for 2 turns
 53071 | Crypt:3  | Killed Xtahua
 53399 | Crypt:3  | Identified Sif Muna's Reference Book on Warped Poison
 53440 | Crypt:3  | Noticed Jory
 53461 | Crypt:3  | Killed Jory
 53673 | Crypt:3  | Found a staircase to the Tomb.
 53783 | Crypt:3  | Found the cursed +14 obsidian axe {chop, +Fly SInv *Curse}
 54470 | Slime:1  | Entered Level 1 of the Pits of Slime
 54776 | Slime:3  | Gained mutation: You do not regenerate when monsters are
                  | visible. [a shining eye]
 54778 | Slime:3  | Gained mutation: You are weak. (Str -2) [a shining eye]
 54782 | Slime:3  | Gained mutation: [Your body sometimes deteriorates upon
                  | taking damage.] [a shining eye]
 55043 | Slime:3  | Gained mutation: [You occasionally shout uncontrollably at
                  | your foes.] [a shining eye]
 55054 | Slime:3  | Gained mutation: Your magical capacity is low. (-10% MP) [a
                  | shining eye]
 55102 | Slime:5  | Entered Level 5 of the Pits of Slime
 55115 | Slime:5  | Gained mutation: [Your body often deteriorates upon taking
                  | damage.] [a shining eye]
 55121 | Slime:5  | Noticed the Royal Jelly
 55503 | Slime:4  | Lost mutation: Your magical capacity is low. (-10% MP)
                  | [potion of mutation]
 55503 | Slime:4  | Lost mutation: You are weak. (Str -2) [potion of mutation]
 55503 | Slime:4  | Gained mutation: [Armour fits poorly on your strangely
                  | shaped body.] [potion of mutation]
 55503 | Slime:4  | Gained mutation: Your spells are a little harder to cast,
                  | but a little more powerful. [potion of mutation]
 55504 | Slime:4  | Lost mutation: [Armour fits poorly on your strangely shaped
                  | body.] [potion of mutation]
 55504 | Slime:4  | Lost mutation: [You occasionally shout uncontrollably at
                  | your foes.] [potion of mutation]
 55504 | Slime:4  | Lost mutation: Your spells are a little harder to cast, but
                  | a little more powerful. [potion of mutation]
 55504 | Slime:4  | Gained mutation: You have a pair of large horns on your
                  | head. [potion of mutation]
 55504 | Slime:4  | Gained mutation: You have large cloven feet. [potion of
                  | mutation]
 55504 | Slime:4  | Gained mutation: You have supernaturally acute eyesight.
                  | (SInv) [potion of mutation]
 55504 | Slime:4  | Gained mutation: You have hoof-like feet. [potion of
                  | mutation]
 55949 | Slime:3  | Paralysed by a great orb of eyes for 7 turns
 55991 | Slime:1  | Lost mutation: [Your body often deteriorates upon taking
                  | damage.] [potion of mutation]
 55991 | Slime:1  | Lost mutation: You have a pair of large horns on your head.
                  | [potion of mutation]
 55991 | Slime:1  | Lost mutation: [Your body sometimes deteriorates upon
                  | taking damage.] [potion of mutation]
 55991 | Slime:1  | Lost mutation: You do not regenerate when monsters are
                  | visible. [potion of mutation]
 55991 | Slime:1  | Gained mutation: You are resistant to electric shocks.
                  | (rElec) [potion of mutation]
 55991 | Slime:1  | Gained mutation: You have a pair of large horns on your
                  | head. [potion of mutation]
 56993 | Slime:3  | Gained mutation: You are frail. (-10% HP) [a shining eye]
 56999 | Slime:3  | Lost mutation: You have supernaturally acute eyesight.
                  | (SInv) [a shining eye]
 57429 | Depths:2 | Killed Asterion
 57588 | Depths:3 | Paralysed by a wizard for 7 turns
 57606 | Depths:3 | Paralysed by a wizard for 4 turns
 57639 | Depths:2 | Killed Mennas
 58355 | Depths:3 | Reached XP level 24. HP: 198/198 MP: 32/32
 58357 | Depths:3 | Found a one-way gate leading to the halls of Pandemonium.
 58721 | Depths:4 | Found a transporter.
 58728 | Depths:4 | Found a transporter.
 58736 | Depths:4 | Noticed conein's ghost (veteran TeCj)
 58762 | Depths:4 | Found a one-way gate to the infinite horrors of the Abyss.
 58848 | Depths:4 | Reached skill level 22 in Armour
 60242 | Depths:4 | Got a pitted long sword
 60243 | Depths:4 | Identified the +2 long sword of the Evil Eye {speed, +Fly
                  | rElec rF+ Str-2} (You found it on level 4 of the Depths)
 60424 | Depths:4 | Voluntarily entered the Abyss.
 60581 | Abyss:1  | Gained mutation: You are very frail. (-20% HP) [a neqoxec]
 60583 | Abyss:1  | Lost mutation: You are very frail. (-20% HP) [a neqoxec]
 60731 | Abyss:1  | Found a hazy altar of Hepliaklqana.
 60876 | Abyss:1  | Found a shattered altar of Ashenzari.
 61033 | Abyss:2  | Found a corrupted altar of Lugonu.
 61109 | Abyss:2  | Found a corrupted altar of Lugonu.
 61118 | Abyss:2  | Found a corrupted altar of Lugonu.
 61214 | Abyss:2  | Found a corrupted altar of Lugonu.
 61738 | Abyss:3  | Gained mutation: You are partially covered in molten
                  | scales. (AC +2) [a neqoxec]
 61892 | Abyss:3  | Paralysed by accursed screaming for 1 turns
 62081 | Abyss:3  | Reached skill level 15 in Invocations
 62200 | Abyss:3  | Reached XP level 25. HP: 204/204 MP: 33/33
 62305 | Abyss:3  | Reached skill level 23 in Armour
 62782 | Abyss:3  | Found a shimmering altar of Xom.
 62914 | Abyss:5  | Entered Level 5 of the Abyss
 62982 | Abyss:5  | Gained mutation: You are weak. (Str -2) [a neqoxec]
 63184 | Abyss:5  | Paralysed by a lich for 4 turns
 63216 | Depths:4 | Escaped the Abyss
 63453 | Depths:4 | Voluntarily entered the Abyss.
 63477 | Abyss:1  | HP: 3/206 [white very ugly thing (24)]
 63478 | Abyss:1  | Killed from afar by a starcursed mass

Levels and vault maps discovered:
D:1:      saegor_arrival_fortress, layout_basic
D:2:      layout_basic, old_standard_altar
D:3:      layout_basic, uniq_jessica
D:4:      layout_cave_pools, first_ration, minmay_mini_ossuary
D:5:      layout_rooms, marbit_many_paths, minmay_overflow_temple_star_quad,
          minmay_temple_entry_sparse_star, enter_ossuary_2, guppyfry_shop_venom
D:6:      layout_rooms
D:7:      layout_cave_pods, serial_column_ruins, column_ruins_hut,
          column_ruins_hut, column_ruins_grid_4, column_ruins_open_medium,
          column_ruins_corridor_corner, column_ruins_columns_straight,
          column_ruins_columns_straight
D:8:      layout_basic, nicolae_gozag_seed_capital, uniq_pikel
D:9:      minmay_the_grid_plus [minmay_the_grid_diamond_grid,
          minmay_the_grid_spikes, minmay_the_grid_minigrid_small,
          minmay_the_grid_broken_lines, minmay_the_grid_prize_trominoes],
          layout_stronghold
D:10:     layout_stronghold, dpeg_oklobed_lair, serial_column_ruins,
          column_ruins_columns_straight, column_ruins_corridor_corner,
          column_ruins_open_tiny, column_ruins_open_medium, column_ruins_grid_1,
          uniq_harold
D:11:     layout_basic, uniq_erica
D:12:     layout_rooms, orc_0_dummy, blue_anna_alchemist
          [blue_anna_fruit_fields, blue_anna_fruit_fields], uniq_urug,
          uniq_snorg
D:13:     layout_roguey, uniq_josephine
D:14:     layout_rooms, david_vaults_2, nicolae_qazlal_eye_of_the_storm
D:15:     hangedman_depths_entry_try_elsewhere_first, layout_loops_ring,
          grunt_dithmenos_shadows, lemuel_oklob_altar, uniq_roxanne
Temple:   eino_temple_scatter_basement
Lair:1:   layout_long_grid, gammafunk_ghost_icy, minmay_lair_oklob_chamber,
          serial_bayou_shore_a
Lair:2:   beast_lair_carwin_large_1, layout_cave_pods,
          minmay_shoals_entry_centaurs, spider_nest_entry_webs
Lair:3:   layout_concentric_octagons, disabler_island
Lair:4:   layout_small_grid, chequers_serial_rivers_room_a, wad_woods_road_05
Lair:5:   layout_cave_pods
Lair:6:   guppyfry_lair_end_dragon, layout_gridlike, slime_altar_1
Shoals:1: layout_shoals
Shoals:2: layout_shoals, nicolae_shoals_arrival_archipelago
Shoals:3: layout_shoals, serial_shops, shop, nicolae_shop_overgrown_old_shop,
          nicolae_shoals_water_elemental_grotto, uniq_louise
Shoals:4: shoals_end_grunt_ice, layout_shoals, serial_shops, statue_bzr,
          uniq_polyphemus
Spider:1: layout_spider_delve, hangedman_spider_tarantella_strand
Spider:2: layout_spider_delve, uniq_nikola, uniq_arachne
Spider:3: layout_spider_delve, uniq_bai_suzhen
Spider:4: grunt_spider_rune_parallel, gammafunk_ghost_necromancy
Slime:1:  layout_caves
Slime:2:  layout_caves
Slime:3:  layout_caves
Slime:4:  layout_caves
Slime:5
Orc:1:    layout_diamond_mine
Orc:2:    st_orc_ogre_mass, layout_caves, serial_shops, nicolae_shop_stone
Elf:1:    minmay_elf_arrival_circle, layout_gridlike, serial_shops,
          nicolae_shop_temple_entry_statues_fountains,
          minmay_elf_crystal_heptagon
Elf:2:    layout_geoelf_octagon
Elf:3:    minmay_elf_hall_dome, layout_geoelf_castle, serial_shops,
          nicolae_shop_waterfront, shop
Vaults:1: nicolae_vaults_little_squares_3, v_misc_28, st_eye,
          hangedman_vaults_river_flow, vaults_mumra_chevron,
          ontoclasm_vaults_eye, v_misc_3, hangedman_vaults_cutoff,
          hangedman_vaults_impose, grunt_vaults_trifunnel,
          layout_vaults_omnicross, mu_enter_wizlab_1, serial_shops,
          nicolae_shop_behind_doors
Vaults:2: v_misc_19, hangedman_vaults_cutoff, grunt_vaults_hallway_short,
          st_smaller_cells, v_misc_28, ontoclasm_vaults_loading_screen,
          hangedman_vaults_nodes, vaults_room_fancy_cross,
          hangedman_vaults_maws, layout_vaults_ring
Vaults:3: vaults_room_grunt_arrival_checkpoint, nicolae_vaults_angled_halls,
          nicolae_vaults_network_periphery, ontoclasm_vaults_bender,
          minmay_crypt_entry_necro_gods, nicolae_vaults_stairing_the_circle,
          ontoclasm_vaults_fault, v_misc_24, vaults_room_fours, v_pattern_5,
          nicolae_vaults_specimen_jars, ontoclasm_vaults_claustrophobia,
          hangedman_vaults_restitches, nicolae_vaults_little_squares_1,
          layout_vaults_omnibox, serial_shops, nicolae_shop_statue_plus
Vaults:4: ebering_vaults_ghost_inner_flame, vaults_dpeg_ring, vaults_mumra_hex,
          nicolae_vaults_sealed_display, v_misc_8, vaults_room_fours,
          nicolae_vaults_shelves_hall, layout_vaults_quadrants, serial_shops,
          bzr_entry_water, basic_altar
Vaults:5
Crypt:1:  layout_basic, st_small_mortuary, grunt_crypt_arrival_split,
          grunt_megastairs_3
Crypt:2:  layout_misc_corridors, grunt_ministairs_5, nicolae_crypt_small_crypt,
          st_stairs_13, uniq_frederick
Crypt:3:  grunt_crypt_end_deaths_head, uniq_xtahua
Depths:1: layout_big_octagon, enter_ziggurat_b, dk_noncrumbling_3, hell_entry,
          minmay_misc_feat_enclosed, lemuel_freeze_loot_1, uniq_enchantress
Depths:2: lemuel_minitomb, layout_basic, minmay_misc_feat_diagonals,
          hellmouth_1, infiniplex_staircase_hallway_doors
Depths:3: cheibrodos_lost_city_excavation, layout_cave_pools,
          rand_demon_pan_entry_4, serial_bayou_shore_b, hell_entry,
          grunt_decor_arrowhead, hangedman_abyss_or_decor_slice, uniq_aizul,
          uniq_mennas, uniq_asterion
Depths:4: grunt_house_of_mirrors, layout_basic,
          gammafunk_ghost_berserking_beasts, abyss_entry, hell_entry,
          minmay_crystal_room, infiniplex_staircase_zigzag_5
Abyss:1

Skill      XL: |  1  2  3  4  5  6  7  8  9 10 11 12 13 14 15 16 17 18 19 20 21 22 23 24 25 |
---------------+----------------------------------------------------------------------------+-----
Long Blades    | 4 5 6 8 10 11 12 13 14 15 16 18 19 20 21 | 21.7
Armour         | 1 2 3 4 6 7 9 10 11 12 14 15 16 18 19 20 21 22 23 | 23.3
Fighting       | 3 4 5 6 7 9 10 11 12 13 15 17 19 20 | 20.6
Dodging        | 4 5 6 8 9 10 11 12 13 14 15 17 18 20 | 20.1
Invocations    | 3 4 5 7 9 10 11 13 15 | 15.0
Shields        | 3 4 7 10 13 15 | 15.1
Evocations     | 3 5 8 9 10 | 10.1
Throwing       | 3 6 8 10 11 13 14 | 14.3
Charms         | 3 4 |  4.3

Action                   |  1- 3 |  4- 6 |  7- 9 | 10-12 | 13-15 | 16-18 | 19-21 | 22-24 | 25-27 || total
-------------------------+-------+-------+-------+-------+-------+-------+-------+-------+-------++-------
Melee: Long sword        |    81 |   133 |   370 |   545 |       |       |       |       |       ||  1129
       Headbutt          |    16 |    34 |   120 |   201 |   350 |   379 |   421 |  1092 |   157 ||  2770
       Scimitar          |       |       |       |   142 |   864 |  1016 |  1209 |  2346 |   355 ||  5932
       Unarmed           |       |       |       |       |       |       |     1 |       |       ||     1
Throw: Javelin           |       |       |       |       |     1 |     7 |       |       |       ||     8
Invok: Animate Dead      |       |       |       |    13 |    75 |    61 |    45 |       |       ||   194
       Drain Life        |       |       |       |     1 |     1 |     6 |     6 |       |       ||    14
       Recall Undead Sla |       |       |       |       |       |     4 |     5 |       |       ||     9
       Stop Recall       |       |       |       |       |       |     1 |     2 |       |       ||     3
       Cleansing Flame   |       |       |       |       |       |       |       |     3 |       ||     3
       Summon Divine War |       |       |       |       |       |       |       |     2 |       ||     2
Evoke: Wand              |       |       |       |     4 |     6 |     1 |       |    14 |       ||    25
       Box of beasts     |       |       |       |       |       |       |     1 |     2 |       ||     3
       Phial of floods   |       |       |       |       |       |       |       |     1 |       ||     1
  Use: Scroll            |       |     3 |     9 |    16 |    14 |    12 |    23 |    11 |     2 ||    90
       Potion            |       |       |       |     1 |     7 |     5 |     6 |     6 |     1 ||    26
 Stab: Sleeping          |     1 |       |       |       |       |       |       |       |       ||     1
       Distracted        |       |       |       |     4 |    22 |    34 |    20 |       |       ||    80
       Held in net/web   |       |       |       |       |     2 |       |       |       |       ||     2
       Paralysed         |       |       |       |       |       |     2 |     2 |       |       ||     4
  Eat: Chunk             |     2 |     7 |     7 |    10 |    14 |    18 |     6 |     8 |     1 ||    73
       Ration            |       |       |     1 |     4 |    13 |     9 |    18 |    12 |     1 ||    58
Armor: Leather armour    |    17 |    13 |       |       |       |       |       |       |       ||    30
       Ring mail         |       |    48 |    14 |       |       |       |       |       |       ||    62
       Scale mail        |       |       |   114 |   204 |   263 |   121 |       |       |       ||   702
       Skin              |       |       |       |       |    78 |       |       |    13 |       ||    91
       Chain mail        |       |       |       |       |       |   100 |   200 |       |       ||   300
       Plate armour      |       |       |       |       |       |       |    99 |   477 |    83 ||   659
Dodge: Dodged            |    74 |   119 |   252 |   361 |   756 |   787 |   589 |  1159 |   263 ||  4360
       Deflected         |       |       |       |       |     6 |    26 |    29 |    23 |     9 ||    93
Block: Buckler           |       |       |       |   223 |   491 |   112 |       |       |       ||   826
       Reflection        |       |       |       |       |     5 |    59 |    54 |    34 |     3 ||   155
       Shield            |       |       |       |       |       |   736 |   927 |  1777 |   305 ||  3745
       Rpst.: Long sword |    19 |    30 |    65 |    69 |       |       |       |       |       ||   183
       Scimitar          |       |       |       |    19 |   150 |   161 |   105 |   201 |    27 ||   663

Table legend:
 A = Non-vault XP
 B = Vault XP
 C = Vault XP percentage of total XP
 D = Non-vault monster count
 E = Vault monster count
 F = Vault count percentage of total count
                 A         B        C        D         E       F
            +---------+---------+-------+---------+---------+-------
      Total |  745054 |  475295 |  38.9 |    1898 |     775 |  29.0
            +---------+---------+-------+---------+---------+-------
        D:1 |      49 |       4 |   7.5 |      29 |       2 |   6.5
        D:2 |     116 |       0 |   0.0 |      27 |       0 |   0.0
        D:3 |     172 |      37 |  17.7 |      31 |       1 |   3.1
        D:4 |     500 |      22 |   4.2 |      21 |       5 |  19.2
        D:5 |    1442 |     456 |  24.0 |      22 |       4 |  15.4
        D:6 |     888 |       0 |   0.0 |      15 |       0 |   0.0
        D:7 |    1671 |       0 |   0.0 |      41 |       0 |   0.0
        D:8 |    1693 |     673 |  28.4 |      40 |       1 |   2.4
        D:9 |    3676 |    2450 |  40.0 |      43 |      19 |  30.6
       D:10 |    2350 |    1269 |  35.1 |      25 |       2 |   7.4
       D:11 |    5264 |     786 |  13.0 |      34 |       1 |   2.9
       D:12 |    3558 |    1646 |  31.6 |      23 |       3 |  11.5
       D:13 |    5379 |    2180 |  28.8 |      19 |       6 |  24.0
       D:14 |   11829 |    2589 |  18.0 |      41 |       4 |   8.9
       D:15 |    6673 |    3216 |  32.5 |      17 |       5 |  22.7
     Lair:1 |     974 |     550 |  36.1 |       7 |       2 |  22.2
     Lair:2 |    1451 |    1363 |  48.4 |       6 |      13 |  68.4
     Lair:3 |    3513 |     232 |   6.2 |      14 |       4 |  22.2
     Lair:4 |    3324 |       0 |   0.0 |      13 |       0 |   0.0
     Lair:5 |    5606 |       0 |   0.0 |      17 |       0 |   0.0
     Lair:6 |   11560 |    2558 |  18.1 |      45 |      13 |  22.4
   Shoals:1 |   11297 |       0 |   0.0 |      25 |       0 |   0.0
   Shoals:2 |   16780 |       0 |   0.0 |      52 |       0 |   0.0
   Shoals:3 |    8709 |    2014 |  18.8 |      27 |       7 |  20.6
   Shoals:4 |    7682 |   11819 |  60.6 |      24 |      26 |  52.0
   Spider:1 |   15702 |     156 |   1.0 |      52 |       1 |   1.9
   Spider:2 |    8030 |    5286 |  39.7 |      31 |       2 |   6.1
   Spider:3 |   12859 |    3574 |  21.7 |      49 |       1 |   2.0
   Spider:4 |   10164 |   17268 |  62.9 |      34 |      61 |  64.2
    Slime:1 |    5083 |       0 |   0.0 |      22 |       0 |   0.0
    Slime:2 |    9078 |       0 |   0.0 |      15 |       0 |   0.0
    Slime:3 |    8099 |       0 |   0.0 |      16 |       0 |   0.0
    Slime:4 |    6100 |       0 |   0.0 |      13 |       0 |   0.0
    Slime:5 |       0 |    4527 | 100.0 |       0 |       4 | 100.0
      Orc:1 |    1110 |       0 |   0.0 |       9 |       0 |   0.0
      Orc:2 |    2895 |   15826 |  84.5 |      27 |      37 |  57.8
      Elf:1 |   15211 |    6971 |  31.4 |      31 |      12 |  27.9
      Elf:2 |    2130 |   17765 |  89.3 |       7 |      30 |  81.1
      Elf:3 |   15961 |   19534 |  55.0 |      33 |      26 |  44.1
   Vaults:1 |   44427 |   19572 |  30.6 |     100 |      44 |  30.6
   Vaults:2 |   27207 |   15785 |  36.7 |      65 |      36 |  35.6
   Vaults:3 |   32121 |   14121 |  30.5 |      72 |      26 |  26.5
   Vaults:4 |   24343 |   13938 |  36.4 |      57 |      14 |  19.7
   Vaults:5 |    9333 |   91197 |  90.7 |       8 |      89 |  91.8
    Crypt:1 |   36982 |    4261 |  10.3 |      64 |       5 |   7.2
    Crypt:2 |   28789 |    8815 |  23.4 |      39 |       4 |   9.3
    Crypt:3 |       0 |   89314 | 100.0 |       0 |     125 | 100.0
   Depths:1 |   27978 |    6838 |  19.6 |      67 |      10 |  13.0
   Depths:2 |   52444 |   29078 |  35.7 |      79 |      30 |  27.5
   Depths:3 |   19797 |    7115 |  26.4 |      26 |      10 |  27.8
   Depths:4 |   41212 |   37915 |  47.9 |      41 |      17 |  29.3
    Abyss:1 |   39553 |       0 |   0.0 |      47 |       0 |   0.0
    Abyss:2 |   26048 |    6383 |  19.7 |      52 |      14 |  21.2
    Abyss:3 |   83166 |    5027 |   5.7 |     138 |      23 |  14.3
    Abyss:4 |    2335 |       0 |   0.0 |       5 |       0 |   0.0
    Abyss:5 |   20741 |       0 |   0.0 |      41 |       0 |   0.0
    Ossuary |       0 |    1165 | 100.0 |       0 |      36 | 100.0
            +---------+---------+-------+---------+---------+-------
